 Dungeon Crawl Stone Soup version 0.27-a0-277-g024f7ef292 (webtiles) character file.

Game seed: 2544005436703502155

183 Borgoz the Skirmisher (level 5, -13/34 HPs)
             Began as a Gargoyle Berserker on Feb 5, 2021.
             Was a Priest of Trog.
             Engulfed by a cloud of flame (30 damage)
             ... on level 3 of the Dungeon.
             The game lasted 00:03:36 (2705 turns).

Borgoz the Skirmisher (Gargoyle Berserker)          Turns: 2705, Time: 00:03:37

Health: -13/34     AC: 15    Str: 20    XL:     5   Next: 62%
Magic:  5/5        EV: 12    Int:  8    God:    Trog [***...]
Gold:   219        SH:  0    Dex: 10    Spells: 4/4 levels left

rFire    . . .     SeeInvis .   k - +1 mace (protect)
rCold    . . .     Faith    .   (no shield)
rNeg     + . .     Spirit   .   b - +1 animal skin
rPois    ∞         Reflect  .   (no helmet)
rElec    +         Harm     .   n - +0 cloak
rCorr    .         Rampage  .   (no gloves)
Will     +....                  (no boots)
Stlth    +.........             (no amulet)
HPRegen  0.11/turn              i - ring of willpower
MPRegen  0.09/turn              (no ring)

@: protection aura
A: negative energy resistance 1, electricity resistance, unbreathing,
petrification resistance, miasma immunity, AC +4
a: Renounce Religion, Berserk, Trog's Hand


You were on level 3 of the Dungeon.
You worshipped Trog.
Trog was most pleased with you.
You visited 1 branch of the dungeon, and saw 3 of its levels.

You collected 219 gold pieces.

Inventory:

Hand Weapons
 k - a +1 mace of protection (weapon)
 l - a +0 flail
Armour
 b - a +1 animal skin (worn)
 n - a +0 cloak (worn)
Jewellery
 i - a ring of willpower (left hand)
Scrolls
 a - a scroll of remove curse
 f - 3 scrolls of teleportation
Potions
 c - a potion of berserk rage
 d - 3 potions of curing
 h - a potion of might {unknown}
 j - 2 potions of haste


   Skills:
 + Level 4.4 Fighting
 + Level 4.0 Maces & Flails
 + Level 3.5 Armour
 + Level 2.6 Dodging


You had 4 spell levels left.
You didn't know any spells.
Your spell library was empty.

Dungeon Overview and Level Annotations

Branches:
Dungeon (3/15)

Altars:
Vehumet


Innate Abilities, Weirdness & Mutations

You are resistant to torment.
Your stone body is resilient. (AC +4)
You are immune to poison.
You resist negative energy. (rN+)
You are resistant to electric shocks. (rElec)
You can survive without breathing.
You are immune to petrification.
You are immune to miasma.


Message History

The bat is severely wounded.
The bat barely misses you. The bat hits you but does no damage.
The bat barely misses you.
You hit the bat.
You kill the bat!
Trog accepts your kill. The rat misses you. The rat closely misses you.
As you read the scroll labelled IWEEPA QAIC, it crumbles to dust.
The creatures around you are filled with an inner flame!
It was a scroll of immolation.
The rat misses you.
You sock the rat! Trog accepts your kill.
The rat explodes!
The fiery explosion engulfs you!
Ouch! That really hurt!
The walls and floor vibrate strangely for a moment.
You are engulfed in blazing flames.
Ouch! That really hurt!
You die...

....# #.##.#
.# #...#
##..... ..
#...##
.....# .#
#..##
....#..
#.<##
...#..##
##.##
######......
#..#
#....§§§#..
#...
#..§@#.#
##..
###§§#.#
#...
+......#
#...
####...#
#...
#...#####.
####
#.........
....
##..#####.
#### #..#
##### #..#
#....


There were no monsters in sight!

Vanquished Creatures
  An orc priest (D:3)
  Jessica (D:3)
  An orc wizard (D:3)
  A dart slug (D:1)
  3 leopard geckos
  18 orcs
  2 ball pythons
  6 bats
  2 giant cockroaches
  7 goblins
  9 hobgoblins
  8 jackals
  A quokka (D:2)
  3 frilled lizards
  7 kobolds
  4 rats
74 creatures vanquished.

Notes
Turn   | Place    | Note
-------+----------+-------------------------------------------
     0 | D:1      | Borgoz the Gargoyle Berserker began the quest for the Orb.
     0 | D:1      | Reached XP level 1. HP: 14/14 MP: 1/1
    66 | D:1      | Reached XP level 2. HP: 10/19 MP: 2/2
   716 | D:1      | Reached XP level 3. HP: 23/23 MP: 3/3
  1470 | D:2      | Reached ** piety under Trog
  1800 | D:2      | Reached XP level 4. HP: 29/29 MP: 4/4
  2059 | D:3      | Reached XP level 5. HP: 33/33 MP: 5/5
  2092 | D:3      | Found a faded altar of an unknown god.
  2153 | D:3      | Noticed Jessica
  2161 | D:3      | Killed Jessica
  2329 | D:3      | Found a radiant altar of Vehumet.
  2416 | D:3      | Reached *** piety under Trog
  2705 | D:3      | Engulfed by a cloud of flame

Illustrated notes

Levels and vault maps discovered:
D:1:      tarquinn_simple_flora_water_a, layout_basic, minmay_tetromino_s4
D:2:      layout_loops_ring, minmay_quantized
D:3:      layout_basic, grunt_temple_overflow_cloverleaf, lemuel_crystal_altar,
          chequers_ecumenical_altar_island, gup_sewer_entry_pipe,
          minmay_liquid_box, uniq_jessica

Skill      XL: |  1  2  3  4  5 |
---------------+----------------+-----
Dodging        | 2 |  2.6
Fighting       | 4 |  4.4
Armour         | 3 |  3.5
Maces & Flails | 4 |  4.0

Action                   |  1- 3 |  4- 6 || total
-------------------------+-------+-------++-------
Melee: Mace              |   129 |    88 ||   217
Invok: Berserk           |     4 |     1 ||     5
  Use: Scroll            |     9 |     3 ||    12
Armor: Animal skin       |    92 |    38 ||   130
Dodge: Dodged            |   128 |    64 ||   192

Table legend: (Time is in decaauts)
 A = Elapsed time spent in this place.
 B = Non-inter-level travel time spent in this place.
 C = Inter-level travel time spent in this place.
 D = Time resting spent in this place.
 E = Time spent auto-exploring this place.
 F = Levels seen in this place.
 G = Mean time per level.
                   A        B        C        D        E       F      G
               +--------+--------+--------+--------+--------+-----+--------+
         Total |   2791 |   2690 |    101 |    191 |   1956 |   3 |  930.3 |
       Dungeon |   2791 |   2690 |    101 |    191 |   1956 |   3 |  930.3 |
               +--------+--------+--------+--------+--------+-----+--------+

Top non-repeatable levels by time:
     D:1: 1138 daAuts
     D:2: 942 daAuts
     D:3: 711 daAuts
